 Dungeon Crawl Stone Soup version 0.25-a0-504-g768f60da87 (webtiles) character file.

Game seed: 12294908063495856944, levelgen mode: deterministic

3478 ICC the Nimble (level 9, -5/45 HPs)
             Began as a Vampire Fire Elementalist on Feb 14, 2020.
             Was an Initiate of Gozag.
             Killed from afar by a quasit (42 damage)
             ... with an exploding inner flame
             ... hexed by the player character
             ... on level 8 of the Dungeon.
             The game lasted 00:39:28 (6163 turns).

ICC the Nimble (Vampire Fire Elementalist)          Turns: 6163, Time: 00:39:28

Health: -5/45      AC:  5    Str:  7      XL:     9   Next: 79%
Magic:  22/30      EV: 16    Int: 27      God:    Gozag
Gold:   392        SH: 10    Dex: 13 (15) Spells: 20/24 levels left

rFire    . . .     SeeInvis +   N - +1 falchion of Due Proportion {flame, *Rage rC+ Int+7} (curse)
rCold    + + +     Gourm    .   F - +0 buckler
rNeg     + + +     Faith    .   e - +0 leather armour (curse)
rPois    ∞         Spirit   .   b - +1 helmet
rElec    .         Reflect  +   K - scarf {repulsion}
rCorr    .         Harm     .   (no gloves)
MR       .....                  (no boots)
Stlth    ++++......             f - +5 amulet of reflection
HPRegen  0.15/turn              O - ring of magical power
MPRegen  0.22/turn              M - ring of protection from cold

@: bloodless, repel missiles
A: no food, fangs 3, see invisible, unbreathing
a: Bat Form, Revivify, Potion Petition, Call Merchant, Bribe Branch, Renounce
Religion


You were on level 8 of the Dungeon.
You worshipped Gozag.
Gozag was aware of your devotion.
You were bloodless.

You visited 2 branches of the dungeon, and saw 9 of its levels.

You collected 478 gold pieces.
You paid 86 gold pieces to Gozag.

Inventory:

Hand Weapons
 s - a +1 dagger of protection
 w - a +2 vorpal hand axe
 N - the cursed +1 falchion of Due Proportion (weapon) {flame, *Rage rC+ Int+7}
   (You found it on level 8 of the Dungeon)

   It has been specially enchanted to burn those struck by it, causing extra
   injury to most foes and up to half again as much damage against particularly
   susceptible opponents.
   Big, fiery blades are also staple armaments of hydra-hunters.
   It affects your intelligence (+7).
   It protects you from cold.
   It may make you go berserk in combat.
   It has a curse placed upon it.
Missiles
 h - 236 stones
 m - 3 boomerangs of dispersal
 r - 7 curare-tipped darts
 x - 28 poisoned darts (quivered)
Armour
 a - a +0 robe
 b - a +1 helmet (worn)
 e - a cursed +0 leather armour (worn)
 F - a +0 buckler (worn)
 K - a scarf of repulsion (worn)
Jewellery
 f - a +5 amulet of reflection (around neck)
 g - an uncursed ring of flight
 M - a ring of protection from cold (right hand)
 O - a ring of magical power (left hand)
Wands
 t - a wand of iceblast (6)
 H - a wand of paralysis (3)
 L - a wand of flame (19)
Scrolls
 d - 5 scrolls of remove curse {unknown}
 i - 4 scrolls of teleportation {unknown}
 j - a scroll of blinking {unknown}
 k - 12 scrolls of identify {unknown}
 l - 2 scrolls of immolation {unknown}
 n - 3 scrolls of enchant armour {unknown}
 p - a scroll of random uselessness {unknown}
 y - 3 scrolls of enchant weapon {unknown}
 C - a scroll of amnesia {unknown}
 E - a scroll of fog {unknown}
 I - a scroll of fear {unknown}
 J - a scroll of magic mapping {unknown}
Potions
 c - a potion of might {unknown}
 o - a potion of magic
 q - 3 potions of heal wounds {unknown}
 u - a potion of curing {unknown}
 v - a potion of cancellation {unknown}
 z - 3 potions of brilliance {unknown}
 A - 2 potions of flight
 B - a potion of lignification {unknown}
 D - 2 potions of agility {unknown}


   Skills:
 + Level 8.5 Dodging
 - Level 3.0 Stealth
 - Level 4.0 Shields
 - Level 8.0 Spellcasting
 - Level 3.0 Conjurations
 - Level 7.0 Hexes
 - Level 3.0 Fire Magic


You had 20 spell levels left.
You knew the following spells:

 Your Spells              Type           Power        Failure   Level  Hunger
a - Foxfire               Conj/Fire      ####         2%          1    N/A
z - Inner Flame           Hex/Fire       #####...     3%          3    N/A

Your spell library contained the following spells:

 Spells                   Type           Power        Failure   Level  Hunger
 Conjure Flame            Conj/Fire      ####....     7%          3    N/A
 Sticky Flame             Conj/Fire      ####....     22%         4    N/A
 Fireball                 Conj/Fire      ####......   54%         5    N/A

Dungeon Overview and Level Annotations

Branches:
Dungeon (8/15)             Temple (1/1) D:7
   Lair: D:8-11

Altars:
Ashenzari
Cheibriados
Dithmenos
Elyvilon
Fedhas
Gozag
Hepliaklqana
Kikubaaqudgha
Makhleb
Nemelex Xobeh
Okawaru
Ru
Sif Muna
Uskayaw
Vehumet
Wu Jian
Xom
Yredelemnul
Zin
The Shining One

Shops:
D:7 %


Innate Abilities, Weirdness & Mutations

You do not eat.
You do not regenerate when monsters are visible.
You are frail without blood (-20% HP).
You can heal yourself when you bite living creatures.
You are immune to poison.
You have razor-sharp teeth.
You have supernaturally acute eyesight. (SInv)
You can survive without breathing.


Message History

Unknown command.
Casting: Foxfire (safe; 2% risk of failure)
Confirm with . or Enter, or press ? or * to list all spells.
You conjure some foxfire!
You block the quasit's attack. The quasit misses you.
The quasit barely misses you.
Your foxfire dissipates!
The foxfire hits the quasit but does no damage.
The quasit is almost dead.
Unknown command.
Casting: Foxfire (safe; 2% risk of failure)
Confirm with . or Enter, or press ? or * to list all spells.
You conjure some foxfire!
The quasit closely misses you.
You riposte.
You hit the quasit.
The quasit explodes!
The fiery explosion engulfs your foxfire.
Your foxfire completely resists.
The fiery explosion engulfs you!!!
Ouch! That really hurt!
You die...
Your body crumbles into a pile of gold.

#... ..#
#.. ...
#.## #.#
#%.# #.#
##.## #.#
#..#####'##
##§##.....#
#v§#.....#
##@#.....#
#.v##...#
##.##...#
##'##...#
#.......#
#.......#
#.......#
#.......#
#....#.##


There were no monsters in sight!

Vanquished Creatures
  A hippogriff (D:7)
  2 hungry ghosts
  Menkaure (D:7)
  Edmund (D:4)
  A water moccasin (D:6)
  A hornet zombie (D:7)
  A sky beast (D:7)
  An orc warrior (D:8)
  3 ogres
  2 ice beasts
  A centaur (D:7)
  A phantom (D:8)
  A bullfrog (D:7)
  Blork the orc (D:4)
  3 water moccasin zombies
  2 scorpions
  3 killer bees (D:8)
  A crimson imp (D:5)
  2 quasits (D:8)
  3 jellies
  3 orc priests
  2 bullfrog skeletons
  A hound (D:6)
  10 orc wizards
  Natasha (thrice) (D:4)
  3 iguanas
  9 worker ants
  A hound skeleton (D:4)
  A howler monkey zombie (D:6)
  A howler monkey skeleton (D:7)
  7 adders
  2 shadow imps (D:6)
  2 oozes
  3 adder skeletons
  2 worms (D:2)
  2 dart slugs (D:1)
  8 leopard geckos
  31 orcs
  9 bats
  10 giant cockroaches
  11 goblins
  8 hobgoblins
  7 jackals
  4 quokkas
  3 ball pythons
  4 frilled lizards
  A jackal skeleton (D:6)
  4 kobolds
  A quokka skeleton (D:4)
  6 rats
191 creatures vanquished.

Vanquished Creatures (others)
  422 foxfires
422 creatures vanquished.

Grand Total: 613 creatures vanquished

Notes
Turn   | Place    | Note
-------+----------+-------------------------------------------
     0 | D:1      | ICC the Vampire Fire Elementalist began the quest for the
                  | Orb.
     0 | D:1      | Reached XP level 1. HP: 13/13 MP: 3/3
     0 | D:1      | Noticed a naga
     0 | D:1      | Noticed a draconian
     0 | D:1      | Noticed a draconian
     2 | D:1      | Noticed an octopode
     2 | D:1      | Noticed a minotaur zombie
    10 | D:1      | Noticed a formicid
    16 | D:1      | Noticed a human
    95 | D:1      | Reached skill level 1 in Conjurations
   119 | D:1      | Reached XP level 2. HP: 16/19 MP: 1/5
   330 | D:1      | Reached XP level 3. HP: 22/24 MP: 0/6
   380 | D:1      | Learned a level 3 spell: Inner Flame
   815 | D:2      | Reached skill level 1 in Hexes
  1081 | D:2      | Found a faded altar of an unknown god.
  1157 | D:2      | Reached XP level 4. HP: 30/30 MP: 5/8
  1495 | D:3      | Found a sparkling altar of Nemelex Xobeh.
  1819 | D:3      | Found a burning altar of Makhleb.
  2099 | D:4      | Noticed Natasha
  2107 | D:4      | Killed Natasha
  2107 | D:4      | Reached XP level 5. HP: 28/35 MP: 3/11
  2128 | D:4      | Noticed Blork the orc
  2146 | D:4      | Killed Blork the orc
  2146 | D:4      | Reached skill level 5 in Spellcasting
  2172 | D:4      | Reached XP level 6. HP: 17/41 MP: 3/14
  2286 | D:4      | Noticed Natasha
  2294 | D:4      | Killed Natasha
  2466 | D:4      | Noticed Edmund
  2482 | D:4      | Killed Edmund
  2579 | D:4      | Noticed Natasha
  2582 | D:4      | Killed Natasha
  2658 | D:5      | Entered Level 5 of the Dungeon
  2694 | D:5      | Reached XP level 7. HP: 29/46 MP: 10/17
  2741 | D:5      | Found an iron altar of Okawaru.
  3587 | D:6      | Reached XP level 8. HP: 52/52 MP: 14/20
  4051 | D:6      | Reached skill level 1 in Shields
  4051 | D:6      | Reached skill level 5 in Hexes
  4413 | D:7      | Noticed a hippogriff
  4425 | D:7      | Killed a hippogriff
  4425 | D:7      | Reached skill level 5 in Dodging
  4442 | D:7      | Reached XP level 9. HP: 31/57 MP: 1/21
  4537 | D:7      | Noticed Menkaure
  4740 | D:7      | Found a staircase to the Ecumenical Temple.
  4844 | Temple   | Entered the Ecumenical Temple
  4855 | Temple   | Became a worshipper of Gozag Ym Sagoz the Greedy
  5275 | D:7      | Found a hazy altar of Hepliaklqana.
  5429 | D:7      | Killed Menkaure
  5438 | D:7      | Found Bisetong's Food Shoppe.
  5732 | D:8      | Got a translucent falchion
  5732 | D:8      | Identified the cursed +1 falchion of Due Proportion {flame,
                  | *Rage rC+ Int+7} (You found it on level 8 of the Dungeon)
  6163 | D:8      | Killed from afar by a quasit

Levels and vault maps discovered:
D:1:      shiori_arrival_whats_in_store_for_you, layout_basic
D:2:      layout_loops_ring, first_ration, chequers_ecumenical_altar_simple
D:3:      layout_loops_ring, old_standard_altar, marbit_many_paths
D:4:      layout_cave_pools, uniq_blork_the_orc, uniq_natasha, uniq_edmund
D:5:      layout_basic, okawaru_metal_pillars_3, columned_hall_lemuel
D:6:      layout_gridville
D:7:      layout_loops_cross, overflow_temple_1_default,
          minmay_temple_entry_stoned_glass, serial_shops, kennysheep_mini_moat,
          uniq_menkaure
D:8:      minmay_polygon_palace, layout_basic, nicolae_overflow_hidden_temple
Temple:   eino_temple_scatter_basement

Skill      XL: |  1  2  3  4  5  6  7  8  9 |
---------------+----------------------------+-----
Conjurations   | 1 2 3 |  3.0
Fire Magic     | 3 |  3.0
Hexes          | 1 3 5 7 |  7.0
Spellcasting   | 3 4 5 6 8 |  8.0
Dodging        | 3 5 8 |  8.5
Shields        | 3 4 |  4.0
Stealth        | |  3.0

Action                   |  1- 3 |  4- 6 |  7- 9 || total
-------------------------+-------+-------+-------++-------
Melee: Unarmed           |    11 |       |       ||    11
       Club              |    23 |       |       ||    23
       Bite              |     5 |     3 |    10 ||    18
       Dagger            |    67 |    30 |       ||    97
       Hand axe          |       |    35 |    57 ||    92
       Falchion          |       |       |    41 ||    41
Throw: Stone             |     1 |       |       ||     1
       Dart              |       |    10 |    24 ||    34
 Cast: Foxfire           |    51 |    42 |   171 ||   264
       Inner Flame       |       |     7 |    63 ||    70
 Abil: Exsanguinate      |       |       |     1 ||     1
Evoke: Wand              |       |     1 |     8 ||     9
  Use: Potion            |       |     3 |       ||     3
 Stab: Sleeping          |     7 |     4 |     3 ||    14
Armor: Robe              |    22 |    24 |    15 ||    61
       Leather armour    |       |       |    26 ||    26
Dodge: Dodged            |    85 |    51 |   126 ||   262
       Deflected         |       |       |     1 ||     1
Block: Other             |    16 |    26 |    20 ||    62
       Reflection        |     1 |     3 |     1 ||     5
       Buckler           |       |       |    53 ||    53
       Rpst.: Falchion   |       |       |    15 ||    15

Table legend:
 A = Non-vault XP
 B = Vault XP
 C = Vault XP percentage of total XP
 D = Non-vault monster count
 E = Vault monster count
 F = Vault count percentage of total count
                 A         B        C        D         E       F
            +---------+---------+-------+---------+---------+-------
      Total |    4314 |     655 |  13.2 |     182 |       9 |   4.7
            +---------+---------+-------+---------+---------+-------
        D:1 |      58 |       0 |   0.0 |      32 |       0 |   0.0
        D:2 |      57 |       0 |   0.0 |      24 |       0 |   0.0
        D:3 |      78 |       2 |   2.5 |      16 |       1 |   5.9
        D:4 |     225 |     295 |  56.7 |      13 |       3 |  18.8
        D:5 |     677 |       0 |   0.0 |      22 |       0 |   0.0
        D:6 |     995 |       0 |   0.0 |      31 |       0 |   0.0
        D:7 |    1460 |     169 |  10.4 |      29 |       1 |   3.3
        D:8 |     764 |     189 |  19.8 |      15 |       4 |  21.1
            +---------+---------+-------+---------+---------+-------
